 Dungeon Crawl Stone Soup version 0.18-a0-20-gaede791 (webtiles) character file.

57894 Ordine the Eclecticist (level 14, -3/68 HPs)
             Began as a Deep Elf Air Elementalist on Nov 2, 2015.
             Was an Elder of Vehumet.
             Slain by a komodo dragon (30 damage)
             ... on level 8 of the Lair of Beasts.
             The game lasted 01:56:10 (27351 turns).

Ordine the Eclecticist (Deep Elf Air Elementalist) Turns: 27351, Time: 01:56:10

Health: -3/68      AC: 10    Str:  5    XL:     14   Next: 47%
Magic:  2/36       EV: 18    Int: 26    God:    Vehumet [****..]
Gold:   1046       SH:  5    Dex: 15    Spells: 8 memorised, 19 levels left

rFire  . . .     SeeInvis .     N - +1 dagger (speed)
rCold  + . .     Clarity  +     K - +2 robe {Archmagi}
rNeg   . . .     SustAt   .     A - +0 buckler {rC+}
rPois  .         Gourm    .     t - +0 helmet
rElec  .         Spirit   .     k - +0 cloak
rCorr  .         Warding  .     z - +0 pair of gloves
rMut   .         Stasis   .     v - +0 pair of boots
MR     +....                    i - amulet of clarity
Stlth  ++........               C - +2 ring of protection
                                (no ring)

@: repel missiles, somewhat resistant to hostile enchantments, unstealthy
A: no striking features
a: Renounce Religion


You were on level 8 of the Lair of Beasts.
You worshipped Vehumet.
Vehumet was greatly pleased with you.
You were hungry.

You visited 3 branches of the dungeon, and saw 18 of its levels.

You collected 1208 gold pieces.
You spent 162 gold pieces at shops.

Inventory:

Hand Weapons
 N - a +1 dagger of speed (weapon)
Armour
 k - a +0 cloak (worn)
 t - a +0 helmet (worn)
 v - a +0 pair of boots (worn)
 z - a +0 pair of gloves (worn)
 A - a +0 buckler of cold resistance (worn)
 K - a +2 robe of the Archmagi (worn)
Magical Staves
 a - an uncursed staff of earth
 h - an uncursed staff of conjuration
 x - an uncursed staff of wizardry
 F - an uncursed staff of cold
Rods
 S - a +2 lightning rod (10/10)
   (You found it on level 6 of the Lair of Beasts)
Jewellery
 e - an uncursed ring of protection from magic
 i - an amulet of clarity (around neck)
 o - an uncursed ring of see invisible
 C - a +2 ring of protection (right hand)
 L - an uncursed ring of wizardry
Wands
 E - a wand of paralysis (13)
 I - a wand of fireball (12)
 U - a wand of invisibility (4)
 W - a wand of teleportation (4)
Scrolls
 g - 4 scrolls of enchant weapon
 l - a scroll of recharging
 m - 7 scrolls of remove curse
 n - 5 scrolls of teleportation
 y - a scroll of enchant armour
 M - 3 scrolls of magic mapping
 Q - a scroll of blinking
Potions
 d - 3 potions of magic
 f - 6 potions of heal wounds
 p - 3 potions of flight
 r - 3 potions of agility
 s - a potion of might
 w - 4 potions of curing
 B - 2 potions of cancellation
 D - 2 potions of resistance
 H - 2 potions of invisibility
 R - a potion of cure mutation
Books
 b - a book of Air

   Spells                             Type                      Level
   a - Shock                          Conjuration/Air              1
   b - Swiftness                      Charms/Air                   2
   c - Repel Missiles                 Charms/Air                   2
   d - Static Discharge               Conjuration/Air              3
   e - Lightning Bolt                 Conjuration/Air              5
 u - a book of Frost

   Spells                             Type                      Level
   a - Freeze                         Ice                          1
   b - Throw Frost                    Conjuration/Ice              2
   c - Ozocubu's Armour               Charms/Ice                   3
   d - Throw Icicle                   Conjuration/Ice              4
   e - Summon Ice Beast               Ice/Summoning                4
   f - Condensation Shield            Ice                          4
 P - a book of Unlife

   Spells                             Type                      Level
   a - Recall                         Summoning/Translocation      3
   b - Animate Dead                   Necromancy                   4
   c - Control Undead                 Necromancy                   4
   d - Cigotuvi's Embrace             Necromancy                   5
   e - Death Channel                  Necromancy                   6
   f - Simulacrum                     Ice/Necromancy               6
 T - a book of Beasts

   Spells                             Type                      Level
   a - Summon Butterflies             Summoning                    1
   b - Call Canine Familiar           Summoning                    3
   c - Summon Ice Beast               Ice/Summoning                4
   d - Summon Mana Viper              Hexes/Summoning              5
   e - Summon Hydra                   Summoning                    7
 X - an Akashic Record

   Spells                             Type                      Level
   a - Dispersal                      Translocation                6
   b - Malign Gateway                 Summoning/Translocation      7
   c - Disjunction                    Translocation                8
   d - Controlled Blink               Translocation                8
Comestibles
 c - 8 bread rations
 j - 8 beef jerkies
 q - 9 meat rations
 G - 31 fruits
 J - 5 chunks of flesh
 O - 2 slices of pizza
 Z - a royal jelly


   Skills:
 - Level 4.0 Staves
 - Level 10.0 Dodging
 - Level 2.4 Stealth
 - Level 5.4 Shields
 * Level 16.4 Spellcasting
 + Level 10.2 Conjurations
 - Level 10.2 Charms
 + Level 4.6 Fire Magic
 - Level 8.0 Ice Magic
 + Level 10.0 Air Magic
 + Level 9.7 Evocations


You had 19 spell levels left.
You knew the following spells:

 Your Spells              Type           Power        Failure   Level  Hunger
a - Shock                 Conj/Air       ####         1%          1    None
b - Static Discharge      Conj/Air       #######.     1%          3    None
c - Throw Icicle          Conj/Ice       #######.     1%          4    None
d - Lightning Bolt        Conj/Air       #######...   1%          5    None
e - Repel Missiles        Chrm/Air       ######       1%          2    None
f - Swiftness             Chrm/Air       #######.     1%          2    None
g - Ozocubu's Armour      Chrm/Ice       #######.     1%          3    None
i - Bolt of Fire          Conj/Fire      ######....   4%          6    ####...


Dungeon Overview and Level Annotations

Branches:
Dungeon (9/15)             Temple (1/1) D:6            Lair (8/8) D:8
 Shoals (0/4) Lair:6        Snake (0/4) Lair:6        Slime (0/6) Lair:7
    Orc: D:9-12

Altars:
Ashenzari
Cheibriados
Dithmenos
Elyvilon
Fedhas
Gozag
Makhleb
Nemelex Xobeh
Okawaru
Qazlal
Ru
Sif Muna
Trog
Vehumet
Xom
Yredelemnul
Zin
The Shining One

Shops:
D:5 [


Message History

The komodo dragon closely misses you. The porcupine completely misses you.
The komodo dragon bites you!!
The porcupine bites you but does no damage.
Number of times to repeat, then command key: You must enter the number of times for the command to repeat.
Casting: Throw Icicle
Confirm with . or Enter, or press ? or * to list all spells.
Aiming: Throw Icicle
Press: ? - help, Shift-Dir - straight line, f/p - komodo dragon
Aim: a komodo dragon (severely wounded)
You feel a surge of power!
The shard of ice misses the komodo dragon.
You block the komodo dragon's attack.
The porcupine twitches its whiskers.
A wyvern comes into view.
The wyvern moves out of view.
You are feeling hungry.
The wyvern completely misses you. The wyvern closely misses you.
The komodo dragon bites you!!
You die...

#...#.####.##### ##.....##
..P...P.P......## #.......# #
PP..............## ##.....#####
PPP!.....P...P.P.## ##...####.#
PP.PP....#P.......## ###.##....
.P.........P.......#####P........
.P...PPP..PPP......P.##.......#..
...PPPP#.####..l.#PP..P..P....#..
<...P###.# #...#@...............P
....##.8.###...l.................
..P.......####.r................#
.....8(<.8.##.................P..
....#.....#.....................#
....##...###...P..............P..
..P.##..####.....................
....#.....##......P..............
..#.(..8...##(...P.........#.....


You could see a komodo dragon, a wyvern and a porcupine.

Vanquished Creatures
  Maud (Lair:5)
  A centaur warrior (D:7)
  A great orb of eyes (Lair:7)
  3 catoblepae
  7 hydras
  A queen ant (Lair:1)
  A deep troll shaman (Lair:8)
  12 death yaks
  18 elephants
  A griffon (Lair:8)
  An oklob plant (Lair:7)
  8 black mambas
  A siren (Lair:6)
  11 spiny frogs
  2 torpor snails
  7 komodo dragons
  The ghost of Clownie the Covert, a novice OpAs of Ashenzari (D:5)
  A trapdoor spider zombie (D:8)
  2 trolls (D:9)
  3 blink frogs (Lair:3)
  2 wyverns
  43 yaks
  6 basilisks
  7 hippogriffs
  A hungry ghost (D:8)
  Menkaure (D:4)
  9 wolves
  4 nagas (Lair:6)
  25 water moccasins
  5 soldier ants (Lair:1)
  3 orc warriors
  An eye of draining (D:8)
  A sky beast (D:9)
  3 ice beasts
  2 phantoms
  18 porcupines
  3 black bears
  7 necrophages (Lair:7)
  7 ogres
  3 centaurs
  A big kobold (D:9)
  14 crocodiles
  26 giant frogs
  9 killer bees
  5 scorpions
  3 electric eels
  7 crimson imps
  5 wights (D:9)
  A giant frog zombie (D:6)
  3 hounds
  A giant frog skeleton (D:8)
  4 orc priests
  10 worker ants
  13 iguanas
  A quasit (D:8)
  A jelly (D:9)
  9 orc wizards
  Jessica (D:3)
  2 centaur skeletons
  13 sheep
  3 hound skeletons
  A worker ant zombie (D:9)
  32 river rats
  12 adders
  3 gnolls
  2 shadow imps
  An ooze (D:7)
  2 adder zombies
  5 worms
  3 giant geckos
  26 orcs
  A ball python (D:4)
  13 bats
  2 giant cockroaches
  11 goblins
  6 hobgoblins
  16 jackals
  7 quokkas
  2 giant gecko zombies
  5 giant newts
  A jackal skeleton (D:5)
  10 kobolds
  3 quokka skeletons
  A quokka zombie (D:9)
  5 rats
  6 fungi
542 creatures vanquished.

Vanquished Creatures (others)
  A bush (Lair:8)
  42 fungi
  18 plants
61 creatures vanquished.

Grand Total: 603 creatures vanquished

Notes
Turn   | Place    | Note
--------------------------------------------------------------
     0 | D:1      | Ordine the Deep Elf Air Elementalist began the quest for the Orb.
     0 | D:1      | Reached XP level 1. HP: 10/10 MP: 6/6
   123 | D:1      | Reached XP level 2. HP: 15/15 MP: 0/8
   308 | D:1      | Learned a level 2 spell: Repel Missiles
   311 | D:1      | Learned a level 2 spell: Swiftness
   552 | D:1      | Reached skill level 4 in Spellcasting
   950 | D:2      | Reached XP level 3. HP: 19/19 MP: 8/10
   955 | D:2      | Learned a level 3 spell: Static Discharge
  1853 | D:2      | Reached XP level 4. HP: 24/24 MP: 3/12
  2189 | D:3      | Reached skill level 5 in Spellcasting
  2565 | D:3      | Noticed Jessica
  2570 | D:3      | Killed Jessica
  2802 | D:3      | Found a bloodstained altar of Trog.
  2994 | D:3      | Found a shimmering altar of Xom.
  3086 | D:4      | Found a sparkling altar of Nemelex Xobeh.
  3139 | D:4      | Reached XP level 5. HP: 17/28 MP: 3/15
  3255 | D:4      | Reached skill level 6 in Spellcasting
  3325 | D:4      | Noticed Menkaure
  3364 | D:4      | Killed Menkaure
  3364 | D:4      | Reached XP level 6. HP: 24/32 MP: 9/17
  3501 | D:4      | Learned a level 5 spell: Lightning Bolt
  3582 | D:4      | Found a burning altar of Makhleb.
  3586 | D:4      | Found an iron altar of Okawaru.
  3921 | D:4      | Reached skill level 7 in Spellcasting
  4022 | D:5      | Entered Level 5 of the Dungeon
  4091 | D:5      | Reached skill level 1 in Charms
  4091 | D:5      | Reached XP level 7. HP: 20/36 MP: 11/19
  4234 | D:5      | Found Ytud's Antique Armour Shop.
  4241 | D:5      | Bought a pair of gloves for 81 gold pieces
  4241 | D:5      | Bought a runed buckler for 81 gold pieces
  4534 | D:5      | Reached skill level 1 in Evocations
  5068 | D:5      | Reached skill level 5 in Air Magic
  5088 | D:5      | Reached skill level 1 in Shields
  5088 | D:5      | Reached skill level 8 in Spellcasting
  5447 | D:5      | Noticed Clownie's ghost (novice OpAs)
  5451 | D:5      | Killed Clownie's ghost
  5451 | D:5      | Reached XP level 8. HP: 41/41 MP: 0/22
  5823 | D:6      | Found a staircase to the Ecumenical Temple.
  5835 | Temple   | Entered the Ecumenical Temple
  6166 | D:6      | Reached skill level 9 in Spellcasting
  6860 | D:6      | Reached skill level 5 in Conjurations
  6985 | D:6      | Reached skill level 5 in Dodging
  6985 | D:6      | Reached XP level 9. HP: 42/45 MP: 10/24
  7511 | D:7      | Found a radiant altar of Vehumet.
  7514 | D:7      | Became a worshipper of Vehumet
  8144 | D:7      | Noticed a centaur warrior
  8158 | D:7      | Killed a centaur warrior
  8158 | D:7      | Reached skill level 5 in Shields
  8329 | D:7      | Reached skill level 10 in Spellcasting
  8974 | D:8      | Reached skill level 5 in Charms
  9029 | D:8      | Got a slimy long sword
  9030 | D:8      | Identified the cursed +0 long sword of the Silent Majority {antimagic, MR+} (You found it on level 8 of the Dungeon)
  9223 | D:8      | Reached * piety under Vehumet
  9223 | D:8      | Offered knowledge of Sting by Vehumet.
  9275 | D:8      | Reached XP level 10. HP: 34/50 MP: 8/26
  9693 | D:8      | Learned a level 4 spell: Throw Icicle
  9697 | D:8      | Learned a level 3 spell: Ozocubu's Armour
  9788 | D:8      | Reached skill level 1 in Ice Magic
 10419 | D:8      | Found a staircase to the Lair.
 10666 | D:7      | Reached skill level 11 in Spellcasting
 10972 | D:9      | Reached skill level 5 in Evocations
 11190 | D:9      | Offered knowledge of Magic Dart by Vehumet.
 11579 | D:9      | Reached ** piety under Vehumet
 11781 | D:9      | Reached skill level 1 in Staves
 12805 | D:9      | Reached XP level 11. HP: 54/54 MP: 5/28
 13316 | Lair:1   | Entered Level 1 of the Lair of Beasts
 13589 | Lair:1   | Noticed an eight-headed hydra
 13594 | Lair:1   | Killed an eight-headed hydra
 13594 | Lair:1   | Reached skill level 5 in Ice Magic
 13808 | Lair:1   | Offered knowledge of Searing Ray by Vehumet.
 13814 | Lair:1   | Reached skill level 12 in Spellcasting
 14041 | Lair:1   | Reached *** piety under Vehumet
 14506 | Lair:1   | Noticed a queen ant
 14524 | Lair:1   | Killed a queen ant
 14851 | Lair:1   | Offered knowledge of Conjure Flame by Vehumet.
 16252 | Lair:2   | Noticed a five-headed hydra
 16260 | Lair:2   | Killed a five-headed hydra
 16642 | Lair:2   | Reached **** piety under Vehumet
 16642 | Lair:2   | Reached XP level 12. HP: 59/59 MP: 24/30
 16711 | Lair:2   | Learned a level 4 spell: Condensation Shield
 16790 | Lair:3   | Reached skill level 13 in Spellcasting
 17045 | Lair:3   | Noticed a five-headed hydra
 17047 | Lair:3   | Killed a five-headed hydra
 17314 | Lair:3   | Offered knowledge of Iskenderun's Mystic Blast by Vehumet.
 17484 | Lair:3   | Noticed a catoblepas
 17495 | Lair:3   | Killed a catoblepas
 19173 | Lair:4   | Noticed a catoblepas
 19177 | Lair:4   | Killed a catoblepas
 19400 | Lair:4   | Reached skill level 14 in Spellcasting
 19887 | Lair:5   | Reached XP level 13. HP: 63/63 MP: 20/33
 19893 | Lair:5   | Reached skill level 10 in Charms
 20317 | Lair:5   | Noticed Maud
 20324 | Lair:5   | Killed Maud
 20485 | Lair:5   | Reached ***** piety under Vehumet
 20485 | Lair:5   | Offered knowledge of Bolt of Fire by Vehumet.
 20504 | Lair:5   | Learned a level 6 spell: Bolt of Fire
 21132 | Lair:6   | Found a staircase to the Snake Pit.
 21623 | Lair:6   | Found a staircase to the Shoals.
 21646 | Lair:6   | Reached skill level 1 in Fire Magic
 22888 | Lair:7   | Reached skill level 15 in Spellcasting
 23113 | Lair:7   | Found a staircase to the Slime Pits.
 23979 | Lair:7   | Offered knowledge of Poisonous Cloud by Vehumet.
 24646 | Lair:8   | Entered Level 8 of the Lair of Beasts
 25235 | Lair:8   | Reached XP level 14. HP: 57/68 MP: 4/35
 26033 | Lair:8   | Reached skill level 10 in Dodging
 26741 | Lair:8   | Reached skill level 16 in Spellcasting
 26741 | Lair:8   | Reached skill level 10 in Conjurations
 26933 | Lair:8   | Reached skill level 10 in Air Magic
 27351 | Lair:8   | Slain by a komodo dragon

Vault maps used:
D:1:      minmay_arrival_doors, serial_corexii_hall, corexii_hall_statues_l,
          corexii_hall_statues_i
D:2:      first_bread, hangedman_decor_clover_reticule
D:3:      marbit_many_paths, lightli_temple_of_fire, minmay_misc_feat_diagonals,
          uniq_jessica
D:4:      nemelex_deck, minitemple, minmay_gold_behind_fungi, roderic_lattice_a,
          uniq_menkaure
D:5:      serial_shops, nicolae_shop_statue_plus
D:6:      temple_fountains, dk_rats_in_the_wall
D:7:      kennysheep_mini_moat, grunt_ogre_cave
D:8:      minmay_lair_entry_grove, grunt_ministairs_12
D:9:      nicolae_overflow_hidden_temple
Temple:   triangle_lava_temple_12
Lair:1:   wad_woods_antlair, lemuel_fruit_tree
Lair:2:   st_stairs_6, serial_bayou_pond_b
Lair:5:   uniq_maud
Lair:6:   beast_lair_carwin_large_1, elwin_shoals_entry_rooms,
          minmay_snake_entry_guardpost_small, lemuel_fruit_fields,
          infiniplex_staircase_pool_2
Lair:7:   minmay_slime_entry_oklob_enclosed, roderic_carrion_pond,
          grunt_megastairs_2
Lair:8:   grunt_lair_end_beastmaster, grunt_forest_small_clearings,
          roderic_batcave, patterned_corridor, grunt_megastairs_3

Action                   |  1- 3 |  4- 6 |  7- 9 | 10-12 | 13-15 || total
-------------------------+-------+-------+-------+-------+-------++-------
Melee: Staff             |       |       |       |    31 |     2 ||    33
       Dagger            |       |       |       |       |    23 ||    23
 Cast: Shock             |    90 |    97 |   269 |   118 |    13 ||   587
       Repel Missiles    |     1 |     1 |       |       |       ||     2
       Static Discharge  |       |     2 |    39 |    39 |    12 ||    92
       Lightning Bolt    |       |       |     4 |     9 |    34 ||    47
       Throw Icicle      |       |       |       |   268 |   260 ||   528
       Ozocubu's Armour  |       |       |       |    12 |    13 ||    25
Evoke: Wand              |       |       |     1 |       |       ||     1
  Use: Scroll            |     9 |     2 |     8 |     7 |     7 ||    33
       Potion            |       |       |     1 |     4 |     1 ||     6
  Eat: Chunk             |     2 |     7 |    18 |    30 |    22 ||    79
       Fruit             |       |       |       |     4 |       ||     4
